Match 41363647
Unlisted

Match 41363647
End
Construct Section Command Post
Selects Heavy Armor Battlegroup
Vickers Machine Gun Team
Infantry Section
Infantry Section
Selects Rigorous Vehicle Training
Infantry Section
Construct Platoon Command Post
Selects Forward Repair Assembly
Selects UNKNOWN (2162094)
Unlock M3 Stuart Light Tanks
M3 Stuart Light Tank
M3 Stuart Light Tank
Construct Field Infirmary
Infantry Training
Selects Light Vehicle Withdraw and Refit
Selects Radio Net
M3 Stuart Light Tank
Selects Recon Artillery
Recon Artillery
Light Vehicle Withdraw and Refit
Construct Company Command Post
Churchill IV Heavy Tank
Unlock Towed 17-pounder Anti-tank Guns
17-pounder Anti-tank Gun Team
Recon Artillery
Royal Engineer Section
Spartan0237
wila
鷹教皇
DirtyPriest
BigOrange
b1ackie360
본부중대장
ganxuezhao1
0
0

Comments sign in to comment!

No comments posted yet!